 Dungeon Crawl Stone Soup version 0.19.5 (webtiles) character file.

157 Azzok the Skirmisher (level 5, -1/52 HPs)
             Began as a Minotaur Fighter on July 20, 2017.
             Slain by an ogre
             ... wielding a +0 giant spiked club
              (17 damage)
             ... on level 4 of the Dungeon.
             The game lasted 00:04:42 (3149 turns).

Azzok the Skirmisher (Minotaur Fighter)             Turns: 3149, Time: 00:04:43

Health: -1/52      AC:  6    Str: 20    XL:     5   Next: 15%
Magic:  4/4        EV:  7    Int:  5    God:
Gold:   234        SH:  9    Dex: 11    Spells: 0 memorised, 4 levels left

rFire  . . .     SeeInvis .     a - +0 long sword
rCold  . . .     Gourm    .     b - +0 scale mail
rNeg   . . .     Faith    .     c - +0 shield
rPois  .         Spirit   .     (helmet restricted)
rElec  .         Reflect  .     (no cloak)
rCorr  .         Harm     .     (no gloves)
MR     .....                    (no boots)
Stlth  ..........               (no amulet)
                                (no ring)
                                (no ring)

@: no status effects
A: retaliatory headbutt, horns 2
a: no special abilities


You were on level 4 of the Dungeon.
You were not hungry.

You visited 1 branch of the dungeon, and saw 4 of its levels.

You collected 234 gold pieces.

Inventory:

Hand Weapons
 a - a +0 long sword (weapon)
Missiles
 o - 14 arrows
Armour
 b - a +0 scale mail (worn)
 c - a +0 shield (worn)
Scrolls
 e - a scroll of enchant armour {unknown}
 i - 3 scrolls of identify {unknown}
 j - a scroll of amnesia {unknown}
 k - a scroll of enchant weapon {unknown}
 l - 2 scrolls of magic mapping {unknown}
 m - a scroll of teleportation {unknown}
 q - a scroll of recharging {unknown}
 v - a scroll of remove curse {unknown}
Potions
 d - a potion of might
 g - a potion of heal wounds {unknown}
 h - 2 potions of invisibility {unknown}
 n - a potion of mutation {unknown}
 p - 2 potions of magic {unknown}
 s - a potion of curing {unknown}
 u - a potion of berserk rage {unknown}
Comestibles
 f - 4 bread rations {@e1}
 r - a meat ration {@e2}
 t - 5 chunks of flesh {@w0}


   Skills:
 * Level 7.1 Fighting
 - Level 2.4 Long Blades
 - Level 3.6 Armour
 - Level 3.6 Shields


You had 4 spell levels left.
You didn't know any spells.

Dungeon Overview and Level Annotations

Branches:
Dungeon (4/15)
 Temple: D:4-7

Altars:


Innate Abilities, Weirdness & Mutations

You reflexively headbutt those who attack you in melee.
You have a pair of horns on your head.


Message History

Where to? (Enter - D:3, ? - help) Some of the chunks of flesh in your inventory have rotted away.
There is an open door here.
There is a stone staircase leading down here.
You climb downwards.
There is a stone staircase leading up here.
An ogre and a dart slug come into view.
You hit the ogre. You headbutt the ogre.
The ogre is moderately wounded.
The ogre hits you with a giant spiked club!
You take 13 damage, and have 39/52 hp.
MASSIVE DAMAGE!!
You hit the ogre.
The ogre is heavily wounded.
The ogre hits you with a giant spiked club!!
* * * LOW HITPOINT WARNING * * *
You take 23 damage, and have 16/52 hp.
MASSIVE DAMAGE!!
You slash the ogre! Your headbutt misses the ogre.
The ogre is severely wounded.
The ogre hits you with a giant spiked club!
You die...

▒▒▒ ▒<▒ ▒·▒
▒·▒ ▒·▒ ▒·▒
▒·▒ ▒@▒ ▒O▒
▒w▒
·w·········▒
·O······▒··▒
··▒▒▒▒▒·▒···▒
··· ···· ··▒
···▒▒ ▒·▒ ··▒


You could see an ogre and a dart slug.

Vanquished Creatures
  Jessica (D:2)
  5 adders (D:2)
  An ooze (D:2)
  3 dart slugs
  2 leopard geckos (D:1)
  2 orcs
  5 giant cockroaches
  10 goblins
  8 hobgoblins
  A jackal (D:1)
  3 quokkas
  8 bats
  5 frilled lizards
  9 kobolds
  9 rats
72 creatures vanquished.

Notes
Turn   | Place    | Note
-------+----------+-------------------------------------------
     0 | D:1      | Azzok the Minotaur Fighter began the quest for the Orb.
     0 | D:1      | Reached XP level 1. HP: 19/19 MP: 0/0
    86 | D:1      | Reached skill level 4 in Fighting
   226 | D:1      | Reached XP level 2. HP: 15/28 MP: 1/1
   513 | D:1      | Reached skill level 5 in Fighting
   756 | D:2      | Reached XP level 3. HP: 36/36 MP: 2/2
  1186 | D:2      | Reached XP level 4. HP: 27/44 MP: 3/3
  1374 | D:2      | Noticed Jessica
  1391 | D:2      | Reached skill level 6 in Fighting
  1400 | D:2      | Killed Jessica
  2344 | D:3      | Reached XP level 5. HP: 51/51 MP: 4/4
  2383 | D:3      | Reached skill level 7 in Fighting
  3138 | D:4      | Noticed an ogre
  3149 | D:4      | Slain by an ogre

Skill      XL: |  1  2  3  4  5 |
---------------+----------------+-----
Fighting       | 4 5 6 7 |  7.1
Long Blades    | |  2.4
Armour         | |  3.6
Shields        | |  3.6

Action                   |  1- 3 |  4- 6 || total
-------------------------+-------+-------++-------
Melee: Long sword        |    74 |    92 ||   166
       Headbutt          |    12 |    17 ||    29
  Eat: Chunk             |     1 |     6 ||     7
Armor: Scale mail        |    33 |    43 ||    76
Dodge: Dodged            |    21 |    24 ||    45
Block: Shield            |    39 |    55 ||    94
       Rpst.: Long sword |     8 |     6 ||    14
